 Dungeon Crawl Stone Soup version 0.30-a0-1123-gabc949cf19 (webtiles) character file.

Game seed: 5339447401701650732

272688 LustLizard the Scorcher (level 19, -17/115 HPs)
             Began as a Deep Elf Venom Mage on Apr 22, 2023.
             Was a High Priest of Vehumet.
             Demolished by the Royal Jelly (30 damage)
             ... on level 5 of the Pits of Slime on Apr 23, 2023.
             The game lasted 02:06:25 (51777 turns).

LustLizard the Scorcher (Deep Elf Venom Mage)      Turns: 51777, Time: 02:06:26

Health: -17/115    AC:  2    Str:  7    XL:     19   Next: 48%
Magic:  52/60      EV: 15    Int: 27    God:    Vehumet [*****.]
Gold:   862        SH:  0    Dex: 10    Spells: 22/52 levels left

rFire   x . .        P - staff of conjuration
rCold   + . .        R - +3 buckler {AC+3}
rNeg    . . .        j - +4 steam dragon scales
rPois   +            J - +2 helmet {SInv}
rElec   .            N - scarf "Ruwyokko" {repulsion, Fly Regen+ MP+9 Dex-5}
rCorr   .            L - +0 pair of gloves
SInv    +            a - +0 pair of boots "Bueq" {rPois rC+}
Will    +....        C - amulet of magic regeneration
Stlth   +            Z - +4 ring of protection
HPRegen 1.19/turn    I - ring of magical power
MPRegen 0.77/turn

%: repel missiles
@: confused, corroded, flying
A: heat vulnerability 1
}: 2/15 runes: decaying, serpentine
a: Renounce Religion


You were on level 5 of the Pits of Slime.
You worshipped Vehumet.
Vehumet was extremely pleased with you.
You visited 7 branches of the dungeon, and saw 36 of its levels.
You also visited: Ice Cave.

You collected 3088 gold pieces.
You spent 2226 gold pieces at shops.

Inventory:

Missiles
 B - 4 throwing nets
Armour
 a - the +0 pair of boots "Bueq" (worn) {rPois rC+}
   (You acquired it on level 3 of the Dungeon)

   rC:        It protects you from cold.
   rPois:     It protects you from poison.
 j - +4 steam dragon scales (worn)
 p - a +1 cloak of willpower
 F - the +2 cloak of Sacofi {rF++ rC- Str+3}
   (You bought it in a shop on level 1 of the Dungeon)

   Str:       It affects your strength (+3).
   rF:        It greatly protects you from fire.
   rC:        It makes you vulnerable to cold.
 J - a +2 helmet of see invisible (worn)
 L - a +0 pair of gloves (worn)
 M - the +0 leather armour of Fedhas, Enchanting {Rampage rElec rC+}
   (You found it on level 1 of the Lair of Beasts)

   rC:        It protects you from cold.
   rElec:     It insulates you from electricity.
   Rampage:   It bestows one free step when moving towards enemies.
 N - the scarf "Ruwyokko" (worn) {repulsion, Fly Regen+ MP+9 Dex-5}
   (You acquired it on level 4 of the Swamp)

   Dex:       It affects your dexterity (-5).
   MP:        It affects your magic capacity (+9).
   Fly:       It grants you flight.
   Regen:     It increases your rate of health regeneration.
 O - a +2 cloak of cold resistance
 R - a +3 buckler of protection (worn)
Magical Staves
 P - a staff of conjuration (weapon)
Jewellery
 i - a +6 ring of strength
 w - the amulet "Jontaetru" {Faith Str+9}
   (You found it on level 3 of the Dungeon)

   [amulet of faith]

   It allows you to gain divine favour quickly.
   Str:       It affects your strength (+9).
 C - an amulet of magic regeneration (around neck)
 I - a ring of magical power (right hand)
 Z - a +4 ring of protection (left hand)
Wands
 x - a wand of flame (27)
 y - a wand of paralysis (4)
 D - a wand of quicksilver (40)
 Q - a wand of roots (6)
 V - a wand of digging (8)
 W - a wand of mindburst (12)
Scrolls
 d - a scroll of blinking
 h - 3 scrolls of enchant armour
 k - 8 scrolls of teleportation
 l - a scroll of torment
 m - 9 scrolls of immolation
 r - 7 scrolls of amnesia
 s - a scroll of summoning
 t - 6 scrolls of magic mapping
 v - 4 scrolls of fear
 H - 4 scrolls of fog
 K - 5 scrolls of poison
 S - 2 scrolls of silence
 T - 4 scrolls of identify
 Y - 2 scrolls of enchant weapon
Potions
 b - 3 potions of magic
 c - 8 potions of brilliance
 e - 4 potions of ambrosia
 f - 11 potions of curing
 g - 11 potions of might
 n - 5 potions of berserk rage
 o - 9 potions of haste
 q - 4 potions of flight
 u - 6 potions of cancellation
 z - 6 potions of mutation
 A - 3 potions of resistance
 E - 4 potions of lignification
 G - 6 potions of heal wounds
 U - 2 potions of invisibility
Miscellaneous
 X - a phantom mirror


   Skills:
 * Level 11.3 Fighting
 + Level 5.2 Armour
 * Level 11.5 Dodging
 + Level 5.2 Stealth
 - Level 6.6 Shields
 + Level 17.1 Spellcasting
 - Level 11.0 Conjurations
 - Level 4.3 Translocations
 - Level 1.1 Transmutations
 - Level 19.3 Fire Magic
 + Level 16.0 Air Magic
 - Level 5.6 Poison Magic
 + Level 8.6 Evocations


You had 22 spell levels left.
You knew the following spells:

 Your Spells              Type           Power      Damage    Failure   Level
a - Sting                 Tmut/Pois      100%       1d8       1%          1
b - Poisonous Vapours     Pois/Air       100%       N/A       1%          2
c - Foxfire               Conj/Fire      100%       2x1d9     0%          1
d - Blink                 Tloc           92%        N/A       1%          2
e - Mephitic Cloud        Conj/Pois/Air  89%        N/A       1%          3
f - Fireball              Conj/Fire      51%        3d20      1%          5
g - Swiftness             Air            83%        N/A       0%          3
h - Ignite Poison         Fire/Tmut/Pois 63%        N/A       1%          3
i - Airstrike             Air            41%        2d(6-22)  1%          4
j - Plasma Beam           Fire/Air       43%        2x1d63    1%          6

Your spell library contained the following spells:

 Spells                   Type           Power      Damage    Failure   Level
 Fire Storm               Conj/Fire      51%        8d13      75%         9
 Chain Lightning          Conj/Air       49%        3d65      91%         9
 Lehudib's Crystal Spear  Conj/Erth      34%        10d9      98%         8
 Static Discharge         Conj/Air       100%       2-7/arc   0%          2
 Apportation              Tloc           92%        N/A       1%          1
 Beastly Appendage        Tmut           58%        N/A       1%          1
 Sandblast                Erth           46%        2d11      1%          1
 Hailstorm                Conj/Ice       68%        3d14      1%          3
 Inner Flame              Hex/Fire       66%        N/A       1%          3
 Spider Form              Tmut/Pois      41%        N/A       1%          3
 Stone Arrow              Conj/Erth      100%       3d13      1%          3
 Flame Wave               Conj/Fire      100%       2d21      1%          4
 Olgreb's Toxic Radiance  Pois           52%        N/A       1%          4
 Sticky Flame             Conj/Fire      100%       2d11      1%          4
 Summon Lightning Spire   Summ/Air       60%        N/A       1%          4
 Starburst                Conj/Fire      51%        6d14      1%          6
 Necrotise                Necr           92%        1d8       2%          1
 Summon Small Mammal      Summ           92%        N/A       2%          1
 Wereblood                Tmut           29%        N/A       2%          2
 Passwall                 Tmut/Erth      21%        N/A       3%          2
 Portal Projectile        Hex/Tloc       68%        N/A       3%          3
 Ensorcelled Hibernation  Hex/Ice        46%        N/A       4%          2
 Manifold Assault         Tloc           46%        N/A       4%          4
 Tukima's Dance           Hex            23%        N/A       8%          3
 Vampiric Draining        Necr           23%        2d7       8%          3
 Alistair's Intoxication  Tmut/Pois      27%        N/A       19%         5
 Ice Form                 Ice/Tmut       26%        N/A       22%         4
 Petrify                  Tmut/Erth      26%        N/A       22%         4
 Anguish                  Hex/Necr       11%        N/A       26%         4
 Cause Fear               Hex            11%        N/A       26%         4
 Summon Ice Beast         Ice/Summ       23%        N/A       26%         4
 Eringya's Noxious Bog    Tmut/Pois      20%        N/A       26%         6
 Blade Hands              Tmut           14%        N/A       43%         5
 Storm Form               Tmut/Air       31%        N/A       54%         7
 Agony                    Necr           23%        N/A       58%         5
 Borgnjor's Vile Clutch   Necr/Erth      11%        N/A       58%         5
 Metabolic Englaciation   Hex/Ice        11%        N/A       58%         5
 Summon Mana Viper        Hex/Summ       23%        N/A       58%         5
 Statue Form              Tmut/Erth      17%        N/A       97%         6
 Simulacrum               Ice/Necr       11%        N/A       99%         6
 Enfeeble                 Hex            11%        N/A       100%        7
 Monstrous Menagerie      Summ           11%        N/A       100%        7


Dungeon Overview and Level Annotations

Branches:
Dungeon (15/15)            Temple (1/1) D:4            Lair (5/5) D:8
  Swamp (4/4) Lair:2        Snake (4/4) Lair:3        Slime (5/5) Lair:4
    Orc (2/2) D:9             Elf (0/3) Orc:2        Vaults (0/5) D:13
 Depths (0/4) D:15          IceCv (visited)

Altars:
Ashenzari
Cheibriados
Dithmenos
Elyvilon
Fedhas
Gozag
Hepliaklqana
Kikubaaqudgha
Makhleb
Nemelex Xobeh
Okawaru
Qazlal
Ru
Sif Muna
Trog
Uskayaw
Vehumet
Wu Jian
Xom
Yredelemnul
Zin
The Shining One
Jiyva

Shops:
D:1 [[?*   D:3 ?   Orc:2 (=:!(   Snake:1 ?

Annotations:
Swamp:2 2 transporters, Ucos Goda's ghost, adept HOFi
Slime:5 Royal Jelly


Innate Abilities, Weirdness & Mutations

You are vulnerable to heat. (rF-)


Message History

The great orb of eyes gazes at you.
You easily resist.
The slime creature hits you.
Two slime creatures merge to form a large slime creature.
The great orb of eyes gazes at you.
You are confused.
You can move again.
You are too confused!
Unknown command.
The great orb of eyes bites you but does no damage.
The great orb of eyes attacks as you move away!
The great orb of eyes bites you.
Two slime creatures merge to form a large slime creature.
The large slime creature misses you.
Unknown command.
You barely miss the great orb of eyes.
The great orb of eyes is almost dead.
Two slime creatures merge to form a very large slime creature.
A large slime creature splits.
A great orb of eyes comes into view.
Unknown command.
You hit the slime creature.
You blast the slime creature.
The slime creature is moderately wounded.
The acid blob hits you!!
You are splashed with acid!
The slime creature hits you but does no damage.
The slime creature barely misses you. The acid blob spits acid at you.
The splash of acid hits you! The acid corrodes you!
The rockslime hits you but does no damage.
The Royal Jelly attacks as you move away!
The Royal Jelly hits you!!!
* * * LOW HITPOINT WARNING * * *
You are splashed with acid!
* * * LOW HITPOINT WARNING * * *
The Royal Jelly hits you but does no damage.
The great orb of eyes attacks as you move away!
The great orb of eyes closely misses you.
Acid dripping from the walls corrodes you.
The Royal Jelly hits you!!
You die...

.....^...........#
.................#
...............#
..............#
.....G.......##
.............##
............J.##
...........JJG.#
.J.........JJ@##
............J##
..............#
........J...###
.............#
..........#.##
..............##
............#...#
...........######


You could see the Royal Jelly, an acid blob, 2 great orbs of eyes, a very large
slime creature, 3 slime creatures and a rockslime.

Vanquished Creatures
  3 tentacled monstrosities
  Jorgrun (Swamp:2)
  Mlioglotl (Snake:2)
  5 acid blobs
  2 thorn hunters
  Kirke (Swamp:2)
  2 azure jellies (Slime:2)
  5 nagarajas (Snake:4)
  4 fenstrider witches (Swamp:4)
  5 rockslimes
  2 ghouls
  11 quicksilver oozes
  5 eleionomae
  Azrael (Orc:2)
  3 bunyips
  Nessos (D:15)
  A dire elephant (D:15)
  A green death (Swamp:4)
  A blizzard demon (Swamp:4)
  3 shambling mangroves
  2 great orbs of eyes (Lair:5)
  A vault guard (D:13)
  A spriggan air mage (Swamp:4)
  A rakshasa (D:15)
  8 ogre magi
  10 hydras
  3 salamander tyrants
  6 anacondas
  4 centaur warriors
  2 ghost crabs
  A merfolk avatar (Lair:5)
  3 boulder beetles
  An anaconda (shapeshifter) (D:9)
  A death knight (D:15)
  26 two-headed ogres
  6 death yaks (Lair:2)
  5 alligators
  20 naga warriors
  4 tengu warriors
  6 shock serpents
  15 naga sharpshooters
  2 soul eaters (Swamp:4)
  A fire crab (Lair:5)
  2 skysharks (Lair:5)
  3 goliath frogs
  2 sea snakes (Lair:5)
  7 skeletal warriors
  A sixfirhy (Swamp:4)
  2 death drakes
  4 salamander mystics
  10 naga ritualists
  3 swamp dragons
  A lindwurm (Lair:5)
  5 spriggan druids
  A deep elf archer (D:13)
  5 wizards
  2 harpies (Lair:5)
  6 bog bodies
  2 deep elf pyromancers
  2 orc knights
  A phantasmal warrior (D:15)
  3 necromancers (D:13)
  A wolf spider zombie (D:13)
  6 orc sorcerers
  8 mana vipers
  9 ugly things (D:14)
  3 shining eyes
  4 will-o-the-wisps
  5 cyclopes
  9 manticores
  4 elephants
  8 salamanders
  2 wolf spiders
  29 black mambas
  A guardian serpent (Snake:1)
  A guardian serpent (shapeshifter) (D:9)
  4 centaur zombies (D:13)
  30 naga magi
  2 eyes of devastation
  An ice statue (IceCv)
  4 gargoyles
  An unseen horror (D:12)
  14 cane toads
  4 orange demons (Swamp:4)
  A torpor snail (Lair:5)
  4 rime drakes
  3 freezing wraiths
  2 kobold demonologists
  3 efreet
  5 komodo dragons
  4 tengu conjurers
  3 anaconda simulacra (IceCv)
  3 trolls
  5 polar bears
  11 hornets
  9 tyrant leeches
  4 bloated husks
  24 blink frogs
  Prince Ribbit (D:9)
  2 wind drakes (Lair:5)
  55 slime creatures
  5 spriggans
  A centaur simulacrum (D:13)
  3 shadows
  2 wraiths
  5 wyverns
  33 yaks
  19 humans (D:13)
  2 steam dragons (D:8)
  4 fire elementals (Orc:2)
  3 hogs
  7 basilisks
  14 vampire mosquitoes
  A neqoxec (Swamp:4)
  3 death yak simulacra (IceCv)
  A harpy simulacrum (IceCv)
  43 nagas
  16 swamp worms
  9 water moccasins
  An acid dragon (D:11)
  4 hell hounds (Orc:2)
  2 swamp drakes (Swamp:2)
  2 ice beasts (D:7)
  3 black bears
  15 orc warriors
  2 sky beasts (D:7)
  26 ogres
  5 wolves (Lair:1)
  14 centaurs
  8 bullfrogs
  5 kobold brigands
  A scorpion (D:5)
  7 two-headed ogre simulacra (IceCv)
  An elephant simulacrum (IceCv)
  An electric eel (Snake:4)
  9 howler monkeys
  4 hounds
  13 orc priests
  14 jellies
  A boggart zombie (D:13)
  2 gnoll boudas (D:5)
  3 sleepcaps
  Ijyb (D:5)
  3 iguanas
  15 orc wizards
  6 spriggan simulacra (IceCv)
  4 polar bear simulacra (IceCv)
  4 troll simulacra (IceCv)
  A wolf simulacrum (IceCv)
  10 gnolls (D:5)
  6 adders
  7 naga simulacra (IceCv)
  A river rat (Lair:2)
  22 white imps
  7 ufetubi
  A worm (D:2)
  3 dart slugs
  42 orcs
  3 bats
  4 endoplasms
  2 giant cockroaches
  6 goblins
  4 hobgoblins
  7 jackals
  5 quokkas
  5 ball pythons
  3 frilled lizards
  11 kobolds
  4 rats
1039 creatures vanquished.

Vanquished Creatures (others)
  A bog body (Swamp:3)
  2 bloated husks
  A hornet (Swamp:3)
  A spriggan (Swamp:4)
  2 vampire mosquitoes (Swamp:3)
  A bush (Lair:2)
  503 foxfires
  38 fungi
  87 plants
  2 starspawn tentacles (Snake:2)
  2 withered plants (D:13)
640 creatures vanquished.

Grand Total: 1679 creatures vanquished

Notes
Turn   | Place    | Note
-------+----------+-------------------------------------------
     0 | D:1      | LustLizard the Deep Elf Venom Mage began the quest for the
                  | Orb.
     0 | D:1      | Reached XP level 1. HP: 10/10 MP: 6/6
   180 | D:1      | Found Fyacosi's Armour Boutique.
   185 | D:1      | Reached XP level 2. HP: 10/16 MP: 2/8
   330 | D:1      | Learned a level 2 spell: Poisonous Vapours
   425 | D:1      | Found a faded altar of an unknown god.
   463 | D:1      | Found Irezoff's Antique Armour Shoppe.
   623 | D:1      | Found a transporter.
   625 | D:1      | Found Maacleiv's Assorted Antiques.
   629 | D:1      | Found a transporter.
   639 | D:1      | Learned a level 1 spell: Foxfire
   643 | D:1      | Bought a scroll labelled VUCHEBROIZE for 18 gold pieces
   643 | D:1      | Bought a scroll labelled XUAJAS XYNO for 18 gold pieces
   936 | D:1      | Found Ofeoh's Magic Scroll Shop.
  1033 | D:1      | Bought a purple potion for 16 gold pieces
  1033 | D:1      | Bought a scroll labelled VASMAN NIKEPEI for 18 gold pieces
  1033 | D:1      | Bought a lumpy brown potion for 16 gold pieces
  1266 | D:2      | Reached XP level 3. HP: 20/20 MP: 4/9
  1518 | D:2      | Reached skill level 1 in Fire Magic
  2091 | D:1      | Bought 2 silvery potions for 32 gold pieces
  2146 | D:3      | Reached skill level 1 in Conjurations
  2245 | D:3      | Learned a level 2 spell: Blink
  2381 | D:3      | Reached XP level 4. HP: 24/24 MP: 4/11
  2663 | D:3      | Identified the amulet "Jontaetru" {Faith Str+9}
  2714 | D:3      | Reached skill level 1 in Air Magic
  2773 | D:3      | Reached skill level 2 in Fire Magic
  2924 | D:3      | Found Zil Yhol's Magic Scroll Emporium.
  3014 | D:1      | Bought a scroll of blinking for 82 gold pieces
  3014 | D:1      | Bought a scroll of identify for 22 gold pieces
  3215 | D:4      | Reached XP level 5. HP: 19/28 MP: 0/12
  3477 | D:4      | Found a staircase to the Ecumenical Temple.
  3487 | Temple   | Entered the Ecumenical Temple
  3612 | Temple   | Became a worshipper of Vehumet
  3667 | D:4      | Found a burning altar of Makhleb.
  4309 | D:4      | Found a bloodstained altar of Trog.
  4310 | D:4      | Found a shimmering blue altar of Sif Muna.
  4315 | D:4      | Found a broken altar of Ashenzari.
  4472 | D:5      | Entered Level 5 of the Dungeon
  4492 | D:5      | Noticed a black bear
  4493 | D:5      | Reached skill level 3 in Fire Magic
  4513 | D:4      | Killed a black bear
  4514 | D:4      | Reached XP level 6. HP: 21/33 MP: 1/14
  4703 | D:5      | Found a shadowy altar of Dithmenos.
  4838 | D:5      | Found an opulent altar of Gozag.
  5074 | D:5      | Reached XP level 7. HP: 37/37 MP: 8/15
  5133 | D:5      | Noticed Ijyb
  5173 | D:5      | Reached skill level 4 in Fire Magic
  5437 | D:5      | Reached * piety under Vehumet
  5437 | D:5      | Offered knowledge of Kiss of Death by Vehumet.
  5566 | D:5      | Killed Ijyb
  5853 | D:1      | Bought a scroll of teleportation for 33 gold pieces
  5853 | D:1      | Bought a scroll of fear for 44 gold pieces
  5853 | D:1      | Bought a scroll of identify for 22 gold pieces
  6375 | D:6      | Reached skill level 5 in Spellcasting
  6375 | D:6      | Reached skill level 5 in Poison Magic
  6493 | D:6      | Found a glowing silver altar of Zin.
  6495 | D:6      | Found an iron altar of Okawaru.
  6497 | D:6      | Found a basalt altar of Yredelemnul.
  6840 | D:6      | Reached skill level 5 in Conjurations
  6840 | D:6      | Reached skill level 5 in Fire Magic
  6840 | D:6      | Reached XP level 8. HP: 37/42 MP: 7/18
  7671 | D:7      | Offered knowledge of Shock by Vehumet.
  8087 | D:7      | Reached ** piety under Vehumet
  8093 | D:7      | Learned a level 3 spell: Mephitic Cloud
  8099 | D:7      | Learned a level 5 spell: Fireball
  8204 | D:7      | Reached skill level 6 in Fire Magic
  8268 | D:7      | Reached skill level 1 in Fighting
  8629 | D:7      | Reached XP level 9. HP: 47/47 MP: 12/20
  8740 | D:7      | Found a sparkling altar of Nemelex Xobeh.
  8924 | D:7      | Found a snail-covered altar of Cheibriados.
  9056 | D:7      | Reached skill level 7 in Fire Magic
  9274 | D:1      | Bought a faintly humming cloak for 190 gold pieces
  9274 | D:1      | Identified the +2 cloak of Sacofi {rF++ rC- Str+3} (You
                  | bought it in a shop on level 1 of the Dungeon)
  9693 | D:7      | Learned a level 3 spell: Swiftness
  9921 | D:8      | Identified the +7 sling of the Sky {drain, rCorr Int+3}
 10083 | D:8      | Found a staircase to the Lair.
 10084 | D:8      | Noticed a komodo dragon
 10193 | D:8      | Killed a komodo dragon
 10194 | D:8      | Reached skill level 8 in Fire Magic
 10194 | D:8      | Reached skill level 5 in Air Magic
 10417 | D:9      | Offered knowledge of Ignite Poison by Vehumet.
 10424 | D:8      | Learned a level 3 spell: Ignite Poison
 10524 | D:9      | Noticed a two-headed ogre
 10564 | D:9      | Killed a two-headed ogre
 10565 | D:9      | Reached XP level 10. HP: 56/56 MP: 19/23
 10808 | D:9      | Noticed a two-headed ogre
 10966 | D:9      | Killed a two-headed ogre
 11068 | D:9      | Got Sif Muna's Precepts of Transformed Hypothermia
 11070 | D:9      | Noticed a gargoyle
 11118 | D:9      | Reached skill level 9 in Fire Magic
 11234 | D:9      | Identified the +3 great mace "Goblinslayer" {venom, rN++
                  | Int+4}
 11268 | D:9      | Killed a gargoyle
 11354 | D:9      | Reached *** piety under Vehumet
 11463 | D:9      | Identified the +1 robe of Caybugh {Rampage rN++ Dex-4}
 11633 | D:9      | Noticed a cyclops
 11656 | D:9      | Killed a cyclops
 11684 | D:9      | Found a staircase to the Orcish Mines.
 11819 | D:9      | Noticed Prince Ribbit
 11827 | D:9      | Killed Prince Ribbit
 11827 | D:9      | Offered knowledge of Airstrike by Vehumet.
 11905 | D:9      | Noticed a guardian serpent
 11909 | D:9      | Killed a guardian serpent
 12123 | D:9      | Noticed a dire elephant
 12458 | D:8      | Learned a level 4 spell: Airstrike
 12869 | D:1      | Bought a runed helmet for 135 gold pieces
 13037 | D:10     | Entered Level 10 of the Dungeon
 13152 | D:10     | Reached XP level 11. HP: 61/61 MP: 26/26
 13230 | D:10     | Reached skill level 10 in Fire Magic
 13832 | D:11     | Reached **** piety under Vehumet
 14101 | D:11     | Noticed a two-headed ogre
 14105 | D:11     | Killed a two-headed ogre
 14414 | D:11     | Noticed a boulder beetle
 14417 | D:11     | Killed a boulder beetle
 14418 | D:11     | Reached skill level 11 in Fire Magic
 14922 | D:9      | Noticed a fire dragon
 14969 | D:9      | Noticed an anaconda
 14973 | D:9      | Killed an anaconda
 14974 | D:9      | Reached skill level 10 in Spellcasting
 16397 | Lair:1   | Entered Level 1 of the Lair of Beasts
 16414 | Lair:1   | Reached skill level 5 in Fighting
 16447 | Lair:1   | Offered knowledge of Dazzling Flash by Vehumet.
 16457 | Lair:1   | Learned a level 6 spell: Plasma Beam
 16542 | Lair:1   | Identified the +0 leather armour of Fedhas, Enchanting
                  | {Rampage rElec rC+}
 17157 | Lair:1   | Reached XP level 12. HP: 68/68 MP: 24/28
 17821 | Orc:1    | Entered Level 1 of the Orcish Mines
 17828 | Orc:1    | Reached skill level 12 in Fire Magic
 18122 | Lair:2   | Reached ***** piety under Vehumet
 18123 | Lair:2   | Offered knowledge of Orb of Destruction by Vehumet.
 18218 | Lair:2   | Found a frozen archway.
 18342 | IceCv    | Entered an ice cave
 19655 | IceCv    | Reached skill level 10 in Air Magic
 19810 | IceCv    | Offered knowledge of Iskenderun's Mystic Blast by Vehumet.
 19829 | IceCv    | Identified the +3 lajatang "Earthworm" {antimagic, rF+ rC+
                  | Str+4 Int-3}
 19857 | IceCv    | Identified the +3 glaive of Popular Demand {drain, Str+3
                  | Dex+2}
 20047 | Lair:2   | Noticed a death yak
 20049 | Lair:2   | Noticed a death yak
 20050 | Lair:2   | Noticed a death yak
 20050 | Lair:2   | Noticed a death yak
 20053 | Lair:2   | Noticed a death yak
 20054 | Lair:2   | Killed a death yak
 20057 | Lair:2   | Noticed a death yak
 20058 | Lair:2   | Killed a death yak
 20059 | Lair:2   | Reached skill level 1 in Shields
 20059 | Lair:2   | Killed a death yak
 20059 | Lair:2   | Killed a death yak
 20059 | Lair:2   | Killed a death yak
 20060 | Lair:2   | Reached skill level 13 in Fire Magic
 20082 | Lair:2   | Killed a death yak
 20365 | Lair:2   | Reached XP level 13. HP: 75/75 MP: 21/30
 20675 | Lair:2   | Found a staircase to the Swamp.
 21111 | D:3      | Bought a scroll of acquirement for 572 gold pieces
 21112 | D:3      | Acquired the +0 pair of boots "Bueq" {rPois rC+}
 21911 | Lair:3   | Found a staircase to the Snake Pit.
 22547 | Lair:4   | Found a staircase to the Slime Pits.
 23123 | Lair:4   | Reached skill level 14 in Fire Magic
 23246 | Lair:4   | Identified the +4 dagger "Ucreem" {spect, Will+}
 23425 | Lair:5   | Entered Level 5 of the Lair of Beasts
 24101 | Lair:5   | Noticed a quicksilver ooze
 24102 | Lair:5   | Killed a quicksilver ooze
 24102 | Lair:5   | Offered knowledge of Arcjolt by Vehumet.
 24728 | Lair:5   | Reached XP level 14. HP: 82/82 MP: 22/32
 25080 | Lair:5   | Noticed a quicksilver ooze
 25081 | Lair:5   | Killed a quicksilver ooze
 25285 | Lair:5   | Noticed a quicksilver ooze
 25286 | Lair:5   | Noticed an acid blob
 25290 | Lair:5   | Noticed a quicksilver ooze
 25294 | Lair:5   | Killed a quicksilver ooze
 25304 | Lair:5   | Killed a quicksilver ooze
 25305 | Lair:5   | Reached skill level 15 in Fire Magic
 25494 | Lair:5   | Killed an acid blob
 25676 | Lair:5   | Noticed an acid blob
 25679 | Lair:5   | Killed an acid blob
 26025 | Lair:5   | Reached skill level 5 in Shields
 26025 | Lair:5   | Reached XP level 15. HP: 88/88 MP: 34/34
 26029 | Lair:5   | Identified the +2 broad axe of Acogoxoo {antimagic, rPois
                  | rF- Will+ Dex+2}
 26205 | Lair:5   | Found a blossoming altar of Fedhas.
 26228 | Lair:5   | Found a viscous altar of Jiyva.
 26524 | Orc:1    | Reached ****** piety under Vehumet
 26781 | D:1      | Bought a +2 buckler of protection for 279 gold pieces
 27328 | Orc:2    | Entered Level 2 of the Orcish Mines
 27330 | Orc:2    | Offered knowledge of Conjure Ball Lightning by Vehumet.
 27481 | Orc:2    | Reached skill level 16 in Fire Magic
 27617 | Orc:2    | Found Qijupi's Weapon Boutique.
 27838 | Orc:2    | Found a staircase to the Elven Halls.
 27962 | Orc:2    | Found Fegocuoxi's Book Boutique.
 27963 | Orc:2    | Found Muaqehof's Jewellery Shoppe.
 27963 | Orc:2    | Found Vyxkim's Distillery.
 27963 | Orc:2    | Found Uheoghi's Weapon Emporium.
 28039 | Orc:2    | Noticed Azrael
 28428 | Orc:2    | Killed Azrael
 28897 | Orc:2    | Bought a potion of mutation for 128 gold pieces
 28897 | Orc:2    | Bought a potion of mutation for 128 gold pieces
 28897 | Orc:2    | Bought a potion of resistance for 160 gold pieces
 29087 | D:3      | Bought 2 scrolls of enchant armour for 165 gold pieces
 29087 | D:3      | Bought a scroll of identify for 22 gold pieces
 29726 | D:12     | Reached XP level 16. HP: 94/94 MP: 21/35
 30526 | D:13     | Identified the +1 hand axe "Roavvipt" {venom, Stlth+}
 30531 | D:13     | Offered knowledge of Irradiate by Vehumet.
 30630 | D:13     | Reached skill level 1 in Evocations
 31066 | D:13     | Reached skill level 1 in Armour
 31076 | D:13     | Identified the +8 halberd of Chagrin {heavy, Will++ Int-2
                  | Stlth+}
 31077 | D:13     | Reached skill level 5 in Dodging
 32011 | D:13     | Found a gate to the Vaults.
 32655 | D:14     | Offered knowledge of Spellforged Servitor by Vehumet.
 32741 | D:14     | Found a shadowy altar of Dithmenos.
 32907 | D:14     | Found a glowing silver altar of Zin.
 32990 | D:14     | Reached skill level 10 in Conjurations
 33525 | D:15     | Entered Level 15 of the Dungeon
 33749 | D:15     | Reached skill level 17 in Fire Magic
 33975 | D:15     | Noticed Nessos
 33978 | D:15     | Killed Nessos
 34225 | D:15     | Found a staircase to the Depths.
 34578 | D:15     | Found a radiant altar of Vehumet.
 35344 | D:1      | Bought a glowing ring mail for 126 gold pieces
 35552 | Swamp:1  | Entered Level 1 of the Swamp
 36158 | Swamp:2  | Found a transporter.
 36200 | Swamp:2  | Noticed Jorgrun
 36215 | Swamp:2  | Killed Jorgrun
 36216 | Swamp:2  | Reached skill level 1 in Translocations
 36216 | Swamp:2  | Reached XP level 17. HP: 41/100 MP: 11/37
 36386 | Swamp:2  | Noticed Ucos Goda's ghost (adept HOFi)
 36386 | Swamp:2  | Found a bloodstained altar of Trog.
 36584 | Swamp:2  | Offered knowledge of Maxwell's Capacitive Coupling by
                  | Vehumet.
 37103 | Swamp:2  | Found a transporter.
 37225 | Swamp:3  | Noticed a tentacled monstrosity
 37227 | Swamp:3  | Reached skill level 15 in Air Magic
 37256 | Swamp:3  | Noticed Kirke
 37265 | Swamp:2  | Reached skill level 15 in Spellcasting
 37561 | Swamp:2  | Killed Kirke
 37652 | Swamp:2  | Killed a tentacled monstrosity
 38423 | Swamp:4  | Entered Level 4 of the Swamp
 38632 | Swamp:4  | Reached skill level 5 in Evocations
 38648 | Swamp:4  | Noticed a tentacled monstrosity
 38783 | Swamp:4  | Killed a tentacled monstrosity
 38825 | Swamp:4  | Noticed a tentacled monstrosity
 38952 | Swamp:4  | Killed a tentacled monstrosity
 40277 | Swamp:4  | Reached skill level 18 in Fire Magic
 40593 | Swamp:4  | Identified the +1 pair of boots of Gechiar {rN+}
 40707 | Swamp:4  | Got a decaying rune of Zot
 40911 | Snake:1  | Entered Level 1 of the Snake Pit
 40915 | Snake:1  | Offered knowledge of Lehudib's Crystal Spear by Vehumet.
 40915 | Snake:1  | Offered knowledge of Fire Storm by Vehumet.
 40915 | Snake:1  | Offered knowledge of Chain Lightning by Vehumet.
 40916 | Snake:1  | Reached XP level 18. HP: 107/107 MP: 33/39
 41355 | Snake:1  | Found Zywnaef's Magic Scroll Shop.
 41628 | Snake:1  | Identified the +4 sling "Xatonal" {elec, rN++ Int-2 Stlth+}
 42575 | Snake:2  | Reached skill level 10 in Fighting
 43069 | Snake:2  | Noticed Mlioglotl
 43361 | Snake:2  | Killed Mlioglotl
 44155 | Snake:2  | Found a white marble altar of Elyvilon.
 46109 | Snake:3  | Reached skill level 19 in Fire Magic
 47044 | Snake:4  | Entered Level 4 of the Snake Pit
 47174 | Snake:3  | Acquired the scarf "Ruwyokko" {repulsion, Fly Regen+ MP+9
                  | Dex-5}
 48137 | Snake:4  | Reached skill level 10 in Dodging
 49069 | Snake:4  | Reached XP level 19. HP: 113/113 MP: 41/41
 49865 | Snake:4  | Got a serpentine rune of Zot
 50048 | Slime:1  | Entered Level 1 of the Pits of Slime
 50559 | Slime:1  | Reached skill level 5 in Armour
 50773 | Slime:2  | Gained mutation: You are vulnerable to heat. (rF-) [a
                  | shining eye]
 51221 | Slime:3  | Reached skill level 5 in Stealth
 51733 | Slime:5  | Entered Level 5 of the Pits of Slime
 51762 | Slime:5  | Noticed the Royal Jelly
 51770 | Slime:5  | Paralysed by a great orb of eyes for 3 turns
 51777 | Slime:5  | Demolished by the Royal Jelly

Illustrated notes

Levels and vault maps discovered:
D:1:      scummos_arrival_gate, layout_loops_ring, basic_ecumenical_altar,
          serial_shops, nicolae_shop_drivethru, nicolae_shop_stone,
          nicolae_shop_real_fake_doors, nicolae_shop_behind_doors
D:2:      layout_basic
D:3:      layout_rooms, serial_shops, shop
D:4:      layout_gridville, makhleb_heckhound_becter, minitemple,
          minmay_temple_entry_large_hall
D:5:      layout_rooms, overflow_temple_1_default, nicolae_gozag_seed_capital,
          grunt_ministairs_12, uniq_ijyb
D:6:      layout_basic, grunt_temple_overflow_diamond
D:7:      layout_basic, mainiacjoe_overflow_24_doors, marbit_many_paths
D:8:      layout_cave_pools, david_lair_shrubbed
D:9:      minmay_the_grid_square_5x5_3x3
          [minmay_the_grid_square_5x5_tetrominoes,
          minmay_the_grid_square_5x5_minimal,
          minmay_the_grid_square_5x5_two_walls_b,
          minmay_the_grid_square_5x5_doubleslash,
          minmay_the_grid_square_5x5_megaprize_crossed,
          minmay_the_grid_square_5x5_bracketed,
          minmay_the_grid_square_5x5_detours, minmay_the_grid_square_5x5_forky,
          minmay_the_grid_square_5x5_beaten_path], layout_loops_ring,
          orc_0_dummy, uniq_prince_ribbit1
D:10:     layout_roguey
D:11:     layout_gridville
D:12:     layout_long_grid
D:13:     layout_cross, grunt_vaults_entry_tiered, serial_undead,
          serial_undead_e, serial_undead_e, serial_undead_c, serial_undead_d
D:14:     layout_irregular_city, grunt_dithmenos_smoke_and_mirrors, zin_statuary
D:15:     hangedman_depths_entry_try_elsewhere_first, layout_basic,
          dk_noncrumbling_4, nicolae_vehumet_altar_sigil, uniq_nessos
Temple:   jpeg_temple_clearing
Lair:1:   layout_loops_ring, grunt_megastairs_1
Lair:2:   layout_roguey, minmay_swamp_entry_swarm, portal_ice_cave_entry_imps,
          pond
Lair:3:   layout_roguey, dummy_snake_entry, minivault_11,
          cheibrodos_lair_caveside_slide
Lair:4:   hellmonk_ruined_rings, layout_misc_corridors, slime_entry_1
Lair:5:   gammafunk_lair_ancient_temple, layout_small_grid, special_room
          [special_room_jelly], minivault_19, lemuel_altar_in_water2
Swamp:1:  layout_basic_swamp, evilmike_swamp_ruin_house_4, swamp_pool1
Swamp:2:  layout_basic_swamp, gammafunk_ghost_wrathful_warriors,
          evilmike_swamp_ruin_house_1, uniq_jorgrun
Swamp:3:  layout_basic_swamp, evilmike_swamp_ruin_house_3, uniq_kirke
Swamp:4:  nzn_swamp_witches_coven, layout_basic_swamp
Snake:1:  layout_layer_cave, serial_shops, shop
Snake:2:  layout_gridlike, basic_altar, uniq_mlioglotl
Snake:3:  layout_cave_town
Snake:4:  snake_pit, layout_misc_corridors, serial_bayou_pond_b,
          hangedman_snake_pattern, grunt_megastairs_3
Slime:1:  layout_caves
Slime:2:  layout_caves, nicolae_slime_rock_hall_of_fame
Slime:3:  layout_caves
Slime:4:  layout_caves
Slime:5
Orc:1:    layout_caves, basic_altar
Orc:2:    st_orc_ogre_mass, layout_caves, serial_shops, shop,
          nicolae_orc_stony_grotto, uniq_azrael

Skill      XL: |  1  2  3  4  5  6  7  8  9 10 11 12 13 14 15 16 17 18 19 |
---------------+----------------------------------------------------------+-----
Fire Magic     | 1 2 3 5 6 8 9 11 13 14 15 16 17 18 19 | 19.3
Conjurations   | 1 2 3 5 6 8 9 10 11 | 11.0
Poison Magic   | 4 5 |  5.6
Air Magic      | 1 2 3 4 5 6 8 10 12 13 14 15 16 | 16.0
Spellcasting   | 4 5 6 7 9 10 11 12 13 14 15 16 17 | 17.1
Fighting       | 1 3 4 5 6 7 8 9 10 11 | 11.3
Shields        | 1 3 5 6 |  6.6
Dodging        | 4 6 8 10 11 | 11.5
Evocations     | 4 5 7 8 |  8.6
Armour         | 2 4 5 |  5.2
Translocations | 1 4 |  4.3
Stealth        | 3 5 |  5.2
Transmutations | |  1.1

Action                     |  1- 3 |  4- 6 |  7- 9 | 10-12 | 13-15 | 16-18 | 19-21 || total
---------------------------+-------+-------+-------+-------+-------+-------+-------++-------
  Melee: Short sword       |    12 |       |       |       |       |       |       ||    12
         Staff             |       |     9 |     9 |    23 |    16 |    37 |     2 ||    96
         Punch             |       |       |       |       |     1 |       |       ||     1
   Cast: Sting             |    67 |    44 |    32 |     1 |       |       |       ||   144
         Poisonous Vapours |    17 |    38 |    78 |    86 |    17 |     8 |       ||   244
         Foxfire           |     2 |    37 |   172 |    72 |     1 |       |       ||   284
         Blink             |       |       |     3 |     3 |     2 |     2 |    14 ||    24
         Fireball          |       |       |     5 |   106 |   183 |   449 |    32 ||   775
         Swiftness         |       |       |     1 |     2 |     1 |       |     2 ||     6
         Mephitic Cloud    |       |       |       |    41 |     7 |     2 |       ||    50
         Ignite Poison     |       |       |       |    27 |     5 |     1 |       ||    33
         Airstrike         |       |       |       |     5 |    39 |    46 |    11 ||   101
         Plasma Beam       |       |       |       |    25 |    87 |   281 |   122 ||   515
  Evoke: Wand              |       |       |       |     5 |       |     2 |       ||     7
    Use: Scroll            |     1 |     3 |     8 |     9 |    12 |    10 |     4 ||    47
         Potion            |       |       |       |       |     2 |       |     3 ||     5
   Stab: Sleeping          |     1 |       |       |       |       |       |       ||     1
 Armour: Robe              |    14 |     3 |       |       |       |       |       ||    17
         Leather armour    |       |     3 |    12 |    22 |    22 |    99 |       ||   158
         Steam dragon scal |       |       |       |       |       |     2 |    45 ||    47
  Dodge: Dodged            |    16 |    31 |    47 |    34 |    40 |   128 |    64 ||   360
         Repelled          |       |       |       |       |       |     2 |     6 ||     8
  Block: Buckler           |       |       |       |       |     7 |    76 |    33 ||   116

Table legend: (Time is in decaauts)
 A = Elapsed time spent in this place.
 B = Non-inter-level travel time spent in this place.
 C = Inter-level travel time spent in this place.
 D = Time resting spent in this place.
 E = Time spent auto-exploring this place.
 F = Levels seen in this place.
 G = Mean time per level.
                   A        B        C        D        E       F      G
               +--------+--------+--------+--------+--------+-----+--------+
         Total |  52240 |  45817 |   6423 |   4177 |  35424 |  37 | 1411.9 |
       Dungeon |  24383 |  20083 |   4300 |   2047 |  15090 |  15 | 1625.5 |
        Temple |    140 |    112 |     28 |      0 |     65 |   1 |  140.0 |
          Lair |   8489 |   7598 |    891 |    110 |   6358 |   5 | 1697.8 |
         Swamp |   5684 |   5342 |    342 |    770 |   3970 |   4 | 1421.0 |
     Snake Pit |   8638 |   7983 |    655 |    609 |   6512 |   4 | 2159.5 |
    Slime Pits |   1259 |   1159 |    100 |     77 |    858 |   5 |  251.8 |
  Orcish Mines |   2041 |   1937 |    104 |    228 |   1494 |   2 | 1020.5 |
      Ice Cave |   1603 |   1603 |      0 |    336 |   1076 |   1 | 1603.0 |
               +--------+--------+--------+--------+--------+-----+--------+

Top non-repeatable levels by time:
     D:9: 4100 daAuts
 Snake:1: 2363 daAuts
     D:7: 2233 daAuts
  Lair:4: 2210 daAuts
 Snake:3: 2191 daAuts
 Snake:4: 2051 daAuts
 Snake:2: 2032 daAuts
  Lair:5: 2015 daAuts
 Swamp:4: 2009 daAuts
     D:8: 1970 daAuts
    D:12: 1911 daAuts
 Swamp:2: 1771 daAuts
     D:6: 1712 daAuts
     D:4: 1638 daAuts
   Orc:2: 1605 daAuts
